 Dungeon Crawl Stone Soup version 0.27.0-1-g7a089689b8 (webtiles) character file.

Game seed: 7612863524630355556

5712 pkoi the Grappler (level 10, 0/92 HPs)
             Began as a Troll Transmuter on Aug 17, 2021.
             Was an Elder of Yredelemnul.
             Succumbed to a killer bee's poison
             ... on level 10 of the Dungeon.
             The game lasted 00:13:15 (8091 turns).

pkoi the Grappler (Troll Transmuter)                Turns: 8091, Time: 00:13:15

Health: 0/92       AC:  6    Str: 25    XL:     10   Next: 48%
Magic:  12/12      EV: 10    Int: 12    God:    Yredelemnul [****..]
Gold:   374        SH:  0    Dex: 10    Spells: 4/11 levels left

rFire    . . .     SeeInvis .     - Unarmed
rCold    . . .     Faith    +   (no shield)
rNeg     . . .     Spirit   .   a - +0 robe
rPois    .         Reflect  .   l - +2 hat
rElec    .         Harm     .   (no cloak)
rCorr    .         Rampage  .   (gloves unavailable)
Will     +....                  (boots unavailable)
Stlth    ..........             j - amulet "Dutt" {Faith Will+ Str+5 Stlth-}
HPRegen  1.25/turn              (no ring)
MPRegen  0.13/turn              (no ring)

@: lethally poisoned (0 -> -3)
A: large, unfitting armour, claws 3, regeneration 1, shaggy fur 1, tough skin 1
a: Renounce Religion, Recall Undead Slaves, Injury Mirror, Animate Dead, Drain
Life


You were on level 10 of the Dungeon.
You worshipped Yredelemnul.
Yredelemnul was greatly pleased with you.
You visited 1 branch of the dungeon, and saw 10 of its levels.
You also visited: Sewer.

You collected 374 gold pieces.

Inventory:

Hand Weapons
 c - a +2 whip of electrocution
Missiles
 b - 69 poisoned darts (quivered)
Armour
 a - a +0 robe (worn)
 l - a +2 hat (worn)
Jewellery
 j - the amulet "Dutt" (around neck) {Faith Will+ Str+5 Stlth-}
   (You acquired it on level 4 of the Dungeon)

   [amulet of faith]

   It allows you to gain divine favour quickly.
   Str:       It affects your strength (+5).
   Will:      It increases your willpower.
   Stlth:     It makes you less stealthy.
 v - a ring of the Octopus King {rCorr AC+1 EV+1 Str+1 Int+1 Dex+1}
   (You found it on level 6 of the Dungeon)

   [ring of resist corrosion]

   AC:        It affects your AC (+1).
   EV:        It affects your evasion (+1).
   Str:       It affects your strength (+1).
   Int:       It affects your intelligence (+1).
   Dex:       It affects your dexterity (+1).
   rCorr:     It protects you from acid and corrosion.
Wands
 o - a wand of paralysis (9)
 w - a wand of polymorph (9)
 y - a wand of mindburst (12)
 z - a wand of flame (45)
 E - a wand of digging (6)
Scrolls
 d - 4 scrolls of fog
 f - 2 scrolls of identify
 g - a scroll of fear
 h - a scroll of immolation
 t - 5 scrolls of teleportation
 u - a scroll of summoning
 C - a scroll of amnesia
Potions
 e - 4 potions of attraction {unknown}
 i - a potion of curing
 k - 2 potions of invisibility
 m - 2 potions of mutation {unknown}
 n - 2 potions of might
 p - 6 potions of haste
 q - 2 potions of lignification
 r - a potion of magic
 s - a potion of heal wounds
 x - 2 potions of resistance
 A - a potion of flight {unknown}
 B - a potion of berserk rage {unknown}


   Skills:
 + Level 3.8 Fighting
 + Level 4.1 Dodging
 + Level 9.5 Unarmed Combat
 - Level 1.2 Spellcasting
 + Level 4.6 Transmutations
 + Level 3.8 Ice Magic
 - Level 4.0 Poison Magic
 + Level 5.1 Invocations


You had 4 spell levels left.
You knew the following spells:

 Your Spells              Type           Power      Damage    Failure   Level
b - Spider Form           Tmut/Pois      5%         N/A       16%         3
c - Ice Form              Ice/Tmut       10%        N/A       45%         4

Your spell library contained the following spells:

 Spells                   Type           Power      Damage    Failure   Level
 Beastly Appendage        Tmut           22%        N/A       4%          1
 Wereblood                Tmut           11%        N/A       7%          2
 Tukima's Dance           Hex            0%         N/A       65%         3
 Passage of Golubria      Tloc           N/A        N/A       96%         4
 Summon Lightning Spire   Summ/Air       0%         N/A       96%         4
 Yara's Violent Unravell  Hex/Tmut       3%         3d4       97%         5
 Iskenderun's Battlesphe  Conj           0%         2d6       100%        5
 Iron Shot                Conj/Erth      0%         9d1       100%        6
 Spellforged Servitor     Conj/Summ      0%         N/A       100%        7
 Storm Form               Tmut/Air       3%         N/A       100%        7
 Maxwell's Capacitive Co  Air            0%         ∞         100%        8


Dungeon Overview and Level Annotations

Branches:
Dungeon (10/15)            Temple (0/1) D:5           Sewer (visited)
   Lair: D:8-11         Orc: D:9-12

Altars:
Fedhas
Gozag
Hepliaklqana
Makhleb
Nemelex Xobeh
Okawaru
Ru
Uskayaw
Yredelemnul

Shops:
D:3 [

Annotations:
D:8 3 runed translucent doors, suduhmizer's ghost, novice DDFi


Innate Abilities, Weirdness & Mutations

You are too large for most types of armour.
You have claws for hands.
Your natural rate of healing is unusually fast.
You are covered in fur. (AC +1)
You have tough skin. (AC +1)


Message History

You scratch the killer bee.
The killer bee is heavily wounded.
You feel sick.
The killer bee stings you but does no damage.
You miss the killer bee.
The killer bee is heavily wounded.
You feel sick. The killer bee closely misses you. The killer bee stings you.
* * * LOW HITPOINT WARNING * * *
You miss the killer bee. Your claw misses the killer bee.
The killer bee is heavily wounded.
You feel sick. The killer bee stings you!
* * * LOW HITPOINT WARNING * * *
You scratch the killer bee but do no damage.
Your claw misses the killer bee.
The killer bee is heavily wounded.
You feel sick. The killer bee barely misses you.
The killer bee stings you but does no damage.
Unknown command.
You miss the killer bee.
The killer bee is heavily wounded.
You feel sick.
The killer bee stings you but does no damage.
The killer bee stings you.
* * * LOW HITPOINT WARNING * * *
You miss the killer bee.
The killer bee is heavily wounded.
You feel sick. The killer bee stings you.
* * * LOW HITPOINT WARNING * * *
The killer bee closely misses you.
Unknown command.
You closely miss the killer bee.
The killer bee is heavily wounded.
The killer bee stings you.
* * * LOW HITPOINT WARNING * * *
You are lethally poisoned!
The killer bee poisons you!
You closely miss the killer bee.
The killer bee is heavily wounded.
You die...
Your body rises from the dead as a mindless zombie.

.. #. # #.
.......###.# #
......$....
#.#.....##...##
.#.........#..#
#........#.##@#
.........#.##y#
......[..#.##h##
.......<.#...{[#
#.........)....##
#...[.......)...#
###.###.####.._.#
.. ...# #....# ..
..... ###.##


You could see a wolf and a killer bee.

Vanquished Creatures
  A two-headed ogre (D:9)
  2 trolls (D:9)
  A vampire (D:9)
  A shadow (D:9)
  2 steam dragons (D:8)
  Menkaure (D:4)
  A water moccasin (D:5)
  A black bear (D:7)
  An ice beast (D:5)
  An ogre (D:5)
  3 centaurs (D:5)
  Blork the orc (D:5)
  5 bullfrogs
  2 scorpions
  3 killer bees (D:10)
  2 wights (D:7)
  2 howler monkeys
  3 centaur zombies
  2 bullfrog skeletons (D:5)
  2 jellies
  2 orc priests
  A gnoll shaman (D:5)
  4 hounds
  A centaur skeleton (D:4)
  Jessica (D:3)
  Natasha (thrice) (D:3)
  2 iguanas
  5 orc wizards
  A howler monkey zombie (D:5)
  11 adders
  8 gnolls
  A white imp (D:5)
  A dart slug (D:4)
  14 orcs
  7 bats
  3 endoplasms
  7 giant cockroaches
  5 goblins
  7 hobgoblins
  9 jackals
  4 quokkas
  7 ball pythons
  3 frilled lizards
  13 kobolds
  2 rats (D:1)
  A spectral kobold (D:7)
160 creatures vanquished.

Vanquished Creatures (collateral kills)
  A skeletal warrior (D:9)
  A troll (D:8)
  Prince Ribbit (D:7)
  Grinder (D:3)
  Sigmund (D:4)
  2 water moccasins (D:7)
  An ice beast (D:6)
  A black bear (D:7)
  A necrophage (D:6)
  A centaur (D:9)
  A water moccasin zombie (D:7)
  2 wights (D:7)
  2 centaur skeletons (D:7)
  A bullfrog skeleton (D:6)
  A gnoll shaman (D:7)
  An iguana (D:5)
  Ijyb (D:4)
  An orc wizard (D:8)
  2 killer bee zombies
  A hound skeleton (D:4)
  A howler monkey skeleton (D:7)
  2 adders (D:4)
  5 gnolls
  7 orcs
  2 bats (D:3)
  A hobgoblin (D:3)
  2 jackals (D:5)
  A ball python (D:4)
  A frilled lizard (Sewer)
  A kobold (D:3)
47 creatures vanquished.

Vanquished Creatures (others)
  4 flying skulls
  A wraith (D:9)
  A ball python zombie (D:4)
  A centaur zombie (D:9)
  A giant cockroach zombie (D:4)
  A gnoll zombie (D:5)
  A howler monkey zombie (D:6)
  28 plants (Sewer)
38 creatures vanquished.

Grand Total: 245 creatures vanquished

Notes
Turn   | Place    | Note
-------+----------+-------------------------------------------
     0 | D:1      | pkoi the Troll Transmuter began the quest for the Orb.
     0 | D:1      | Reached XP level 1. HP: 18/18 MP: 1/1
   182 | D:1      | Reached XP level 2. HP: 21/26 MP: 2/2
   942 | D:2      | Reached skill level 4 in Unarmed Combat
   985 | D:2      | Found a faded altar of an unknown god.
   994 | D:2      | Became a worshipper of Yredelemnul the Dark
   994 | D:2      | Reached * piety under Yredelemnul
  1098 | D:2      | Reached XP level 3. HP: 23/32 MP: 3/3
  1411 | D:3      | Reached XP level 4. HP: 30/40 MP: 4/4
  1481 | D:3      | Reached skill level 5 in Unarmed Combat
  1514 | D:3      | Noticed Natasha
  1516 | D:3      | Killed Natasha
  1583 | D:3      | Noticed Natasha
  1591 | D:3      | Killed Natasha
  1787 | D:3      | Found Ydghucyt's Antique Armour Shop.
  1788 | D:3      | Noticed Grinder
  1795 | D:3      | Noticed Natasha
  1796 | D:3      | Killed Grinder
  1797 | D:3      | Reached skill level 6 in Unarmed Combat
  1797 | D:3      | Reached XP level 5. HP: 44/46 MP: 5/5
  1797 | D:3      | Reached XP level 6. HP: 52/54 MP: 6/6
  1803 | D:3      | Killed Natasha
  1803 | D:3      | Reached ** piety under Yredelemnul
  1804 | D:3      | Reached skill level 7 in Unarmed Combat
  1808 | D:3      | Learned a level 3 spell: Spider Form
  1995 | D:3      | Noticed Jessica
  1999 | D:3      | Killed Jessica
  2054 | D:3      | Found a burning altar of Makhleb.
  2054 | D:3      | Noticed a green death
  2212 | D:4      | Identified a scroll of acquirement
  2212 | D:4      | Acquired the amulet "Dutt" {Faith Will+ Str+5 Stlth-}
  2250 | D:4      | Noticed Sigmund
  2261 | D:4      | Killed Sigmund
  2262 | D:4      | Reached skill level 1 in Poison Magic
  2262 | D:4      | Reached skill level 1 in Invocations
  2262 | D:4      | Reached XP level 7. HP: 42/61 MP: 3/7
  2423 | D:4      | Found a glowing drain.
  2441 | Sewer    | Entered a sewer
  2847 | Sewer    | Reached *** piety under Yredelemnul
  3332 | D:4      | Learned a level 4 spell: Ice Form
  3333 | D:4      | Noticed Menkaure
  3343 | D:4      | Killed Menkaure
  3498 | D:4      | Noticed Ijyb
  3504 | D:4      | Killed Ijyb
  3813 | D:5      | Entered Level 5 of the Dungeon
  3855 | D:5      | Reached skill level 1 in Ice Magic
  3939 | D:5      | Reached XP level 8. HP: 53/68 MP: 8/8
  4166 | D:5      | Found a staircase to the Ecumenical Temple.
  4175 | D:5      | Reached skill level 1 in Fighting
  4392 | D:5      | Received a gift from Yredelemnul (4 flying skulls)
  4393 | D:5      | Reached skill level 8 in Unarmed Combat
  4613 | D:5      | Reached **** piety under Yredelemnul
  4714 | D:5      | Noticed Blork the orc
  4720 | D:5      | Killed Blork the orc
  4950 | D:6      | Received a gift from Yredelemnul (a wight)
  5068 | D:6      | Reached XP level 9. HP: 75/79 MP: 10/10
  5377 | D:6      | Found the ring of the Octopus King
  5382 | D:6      | Identified a ring of the Octopus King {rCorr AC+1 EV+1
                  | Str+1 Int+1 Dex+1}
  5501 | D:6      | Found a hide-covered altar of Uskayaw.
  5505 | D:6      | Found a sparkling altar of Nemelex Xobeh.
  5510 | D:6      | Found an opulent altar of Gozag.
  5714 | D:7      | Found a hazy altar of Hepliaklqana.
  6429 | D:7      | Noticed Prince Ribbit
  6441 | D:7      | Killed Prince Ribbit
  6667 | D:8      | Reached skill level 9 in Unarmed Combat
  6780 | D:8      | Found a runed translucent gate.
  6780 | D:8      | Found a runed translucent gate.
  6780 | D:8      | Found a runed translucent gate.
  6787 | D:8      | Noticed a troll
  6794 | D:8      | Killed a troll
  6833 | D:8      | Received a gift from Yredelemnul (a wraith)
  6854 | D:8      | Found an iron altar of Okawaru.
  6862 | D:8      | Found a blossoming altar of Fedhas.
  6890 | D:8      | Noticed suduhmizer's ghost (novice DDFi)
  7373 | D:9      | Noticed a troll
  7383 | D:9      | Killed a troll
  7389 | D:9      | Reached XP level 10. HP: 49/91 MP: 12/12
  7511 | D:9      | Noticed a two-headed ogre
  7519 | D:9      | Killed a two-headed ogre
  7664 | D:9      | Noticed a skeletal warrior
  7677 | D:9      | Killed a skeletal warrior
  7913 | D:9      | Reached skill level 5 in Invocations
  7914 | D:9      | Noticed a skeletal warrior
  7974 | D:9      | Noticed a skeletal warrior
  7975 | D:9      | Noticed a skeletal warrior
  8049 | D:10     | Entered Level 10 of the Dungeon
  8049 | D:10     | Found a sacrificial altar of Ru.
  8088 | D:10     | HP: 3/92 [killer bee (5)]
  8091 | D:10     | Succumbed to a killer bee's poison

Illustrated notes

Levels and vault maps discovered:
D:1:      minmay_arrival_stone_box, layout_basic
D:2:      layout_rooms, hellmonk_ecumenical_altar_zigzags
D:3:      layout_basic, makhleb_altar_promises_db, serial_shops, shop,
          uniq_jessica, uniq_natasha, uniq_grinder
D:4:      layout_cave_pools, gup_sewer_entry_pipe, uniq_ijyb, uniq_sigmund,
          uniq_menkaure
D:5:      cheibrodos_barr_body, layout_loops_corners, minmay_temple_entry_tees,
          uniq_blork_the_orc
D:6:      layout_loops_ring, grunt_temple_overflow_diamond
D:7:      layout_gridville, nicolae_hepliaklqana_monster_ancestors,
          roderic_serpentine_path, uniq_prince_ribbit1
D:8:      layout_basic, mainiacjoe_overflow_catwalk_spiral, gammafunk_ghost_icy
D:9:      layout_rooms, good_gods_mini_temple, minmay_misc_feat_x,
          minmay_variable_closet
D:10:     layout_loops_ring, mainiacjoe_overflow_catch_the_wave,
          erik_lair_island, kennysheep_kite_vault, uniq_snorg

Skill      XL: |  1  2  3  4  5  6  7  8  9 10 |
---------------+-------------------------------+-----
Unarmed Combat | 4 6 7 8 9 |  9.5
Transmutations | 2 3 4 |  4.6
Poison Magic   | 1 2 3 4 |  4.0
Invocations    | 1 2 3 4 5 |  5.1
Ice Magic      | 1 2 3 |  3.8
Fighting       | 1 3 |  3.8
Dodging        | 2 3 4 |  4.1
Spellcasting   | |  1.2

Action                   |  1- 3 |  4- 6 |  7- 9 | 10-12 || total
-------------------------+-------+-------+-------+-------++-------
Melee: Unarmed           |    16 |       |   318 |    65 ||   399
       Whip              |    75 |    67 |    39 |       ||   181
       Punch             |       |     1 |    13 |       ||    14
Invok: Animate Remains   |     4 |    10 |    13 |       ||    27
       Animate Dead      |       |       |    27 |     1 ||    28
       Injury Mirror     |       |       |       |     1 ||     1
  Use: Scroll            |       |     2 |    17 |       ||    19
 Stab: Sleeping          |     1 |       |       |       ||     1
       Distracted        |       |     1 |     2 |       ||     3
Armor: Robe              |    44 |    31 |   131 |    21 ||   227
Dodge: Dodged            |    56 |    48 |   162 |    57 ||   323
